 Dungeon Crawl Stone Soup version 0.29.1-1-gd02db69 (webtiles) character file.

Game seed: 13853416039895125243

6 samcosmo the Sneak (level 2, 0/15 HPs)
             Began as a Kobold Enchanter on Apr 29, 2023.
             Succumbed to a goblin's poison
             ... on level 1 of the Dungeon.
             The game lasted 00:00:35 (69 turns).

samcosmo the Sneak (Kobold Enchanter)                 Turns: 69, Time: 00:00:36

Health: 0/15       AC:  2    Str:  5    XL:     2   Next: 0%
Magic:  5/5        EV: 15    Int: 16    God:
Gold:   0          SH:  0    Dex: 15    Spells: 3/5 levels left

rFire   . . .      SeeInvis .   a - +1 dagger
rCold   . . .      Faith    .   (no shield)
rNeg    . . .      Spirit   .   b - +0 robe
rPois   .          Reflect  .   (no helmet)
rElec   .          Harm     .   (no cloak)
rCorr   .          Rampage  .   (no gloves)
Will    .....                   (no boots)
Stlth   ++++......              (no amulet)
HPRegen 0.05/turn               (no ring)
MPRegen 0.09/turn               (no ring)

@: lethally poisoned (0 -> -5)
A: small, no large weapons, nightstalker 3
a: no special abilities


You were on level 1 of the Dungeon.
You visited 1 branch of the dungeon, and saw 1 of its levels.

Inventory:

Hand Weapons
 a - a +1 dagger (weapon)
Armour
 b - a +0 robe (worn)
Potions
 c - 2 potions of invisibility


   Skills:
 + Level 0.2 Fighting
 + Level 1.5 Short Blades
 + Level 2.5 Dodging
 + Level 4.1 Stealth
 + Level 2.3 Spellcasting
 * Level 3.1 Hexes


You had 3 spell levels left.
You knew the following spells:

 Your Spells              Type           Power      Damage    Failure   Level
a - Ensorcelled Hibernat  Hex/Ice        12%        N/A       16%         2

Your spell library contained the following spells:

 Spells                   Type           Power      Damage    Failure   Level
 Confusing Touch          Hex            11%        N/A       17%         3
 Tukima's Dance           Hex            11%        N/A       17%         3
 Dazzling Flash           Conj/Hex       12%        N/A       32%         3


Dungeon Overview and Level Annotations

Branches:
Dungeon (1/15)

Altars:


Innate Abilities, Weirdness & Mutations

You are small and have problems with some larger weapons.
You are completely attuned to the shadows.


Message History

No target in view!
An endoplasm comes into view.
The helpless bat fails to defend itself.
You puncture the bat!
You kill the bat!
The helpless endoplasm fails to defend itself.
You impale the endoplasm!!
You kill the endoplasm!
You have reached level 2!
A ball python and a goblin come into view.
The goblin is wielding a +1 dagger of venom.
Memorise Ensorcelled Hibernation, consuming 2 spell levels and leaving 3?
You start memorising the spell.
You continue memorising. x2
You finish memorising.
Spell assigned to 'a'.
A giant cockroach comes into view.
The ball python hisses angrily.
The giant cockroach misses you. The ball python barely misses you.
The ball python grabs you. The ball python constricts you.
The goblin hits you with a +1 dagger of venom.
You are lethally poisoned!
The giant cockroach closely misses you.
You closely miss the ball python.
You feel very sick. The ball python closely misses you.
The ball python constricts you. The goblin barely misses you.
The giant cockroach bites you but does no damage.
The ball python closely misses you. The ball python constricts you.
You are too injured to fight recklessly!
You escape the ball python's grasp.
You feel sick.
The giant cockroach attacks as you move away!
The giant cockroach bites you.
* * * LOW HITPOINT WARNING * * *
x2 You feel sick.
Okay, then.
You are too injured to fight recklessly!
You hit the giant cockroach but do no damage.
* * * LOW HITPOINT WARNING * * *
You feel sick. The giant cockroach barely misses you.
You barely miss the giant cockroach.
You die...

#...#......#.###.#
####.#...#####.##
#.......## #.#
#.##.##.# #.#
#.##.##.# #..
#....##.# ###.#
..#.......###....
#.#..##...##.S8#
..........@#...+
...........Bg.8#
.....#.....#.....
#.#..##....#.....
..#......#.#####.
##.##.##.# #.##.#
# #..... ## ...


You could see a giant cockroach and a goblin.

Vanquished Creatures
  A dart slug (D:1)
  An endoplasm (D:1)
  2 bats (D:1)
4 creatures vanquished.

Notes
Turn   | Place    | Note
-------+----------+-------------------------------------------
     0 | D:1      | samcosmo the Kobold Enchanter began the quest for the Orb.
     0 | D:1      | Reached XP level 1. HP: 10/10 MP: 3/3
    57 | D:1      | Reached XP level 2. HP: 15/15 MP: 5/5
    62 | D:1      | Learned a level 2 spell: Ensorcelled Hibernation
    69 | D:1      | Succumbed to a goblin's poison

Illustrated notes

Levels and vault maps discovered:
D:1:      tarquinn_simple_flora_water_a, layout_loops_cross,
          dreamdust_ecumenical_altar_angels_and_demons

Action                   || total
-------------------------++-------
Melee: Dagger            ||    10
 Stab: Sleeping          ||     3
Armor: Robe              ||     2
Dodge: Dodged            ||     8
